 Dungeon Crawl Stone Soup version 0.26.0-45-g9c1d065592 (webtiles) character file.

Game seed: 5657754088509912138

114 H0rd4k the Insei (level 4, -3/28 HPs)
             Began as an Octopode Transmuter on Jan 29, 2021.
             Slain by a goblin
             ... wielding a +0 dagger
             ... led by Robin
              (7 damage)
             ... on level 3 of the Dungeon.
             The game lasted 00:01:32 (1849 turns).

H0rd4k the Insei (Octopode Transmuter)              Turns: 1849, Time: 00:01:32

Health: -3/28      AC:  1    Str: 10    XL:     4   Next: 98%
Magic:  7/7        EV: 14    Int: 15    God:
Gold:   76         SH:  0    Dex: 12    Spells: 3/7 levels left

rFire    x . .     SeeInvis .     - Unarmed
rCold    + . .     Faith    .   (no shield)
rNeg     . . .     Spirit   .   (helmet currently unavailable)
rPois    .         Reflect  .   h - amulet of regeneration
rElec    .         Harm     .   k - ring of ice
rCorr    .         Rampage  .   (no ring)
Will     .....                  (no ring)
Stlth    +++.......             (no ring)
HPRegen  0.49/turn              (no ring)
MPRegen  0.10/turn              (no ring)
                                (no ring)
                                (no ring)

@: appendages (expiring)
A: almost no armour, stealthy swim, amphibious, 8 rings, constrict 8, tentacle
spike 3, camouflage 1, gelatinous body 1
a: End Transformation


You were on level 3 of the Dungeon.
One of your tentacles had a temporary spike.
You visited 1 branch of the dungeon, and saw 3 of its levels.

You collected 76 gold pieces.

Inventory:

Jewellery
 h - an amulet of regeneration (around mantle)
 k - a ring of ice (left tentacle)
Scrolls
 a - 4 scrolls of identify {unknown}
 b - 5 scrolls of remove curse {unknown}
 c - 3 scrolls of teleportation {unknown}
 j - 2 scrolls of enchant armour {unknown}
Potions
 d - a potion of flight {unknown}
 e - a potion of brilliance {unknown}
 f - a potion of attraction {unknown}
 g - 4 potions of curing {unknown}
 i - a potion of mutation {unknown}
 l - a potion of lignification {unknown}


   Skills:
 + Level 1.1 Fighting
 + Level 2.8 Dodging
 + Level 1.2 Stealth
 + Level 4.6 Unarmed Combat
 + Level 2.1 Spellcasting
 + Level 2.3 Transmutations


You had 3 spell levels left.
You knew the following spells:

 Your Spells              Type           Power        Failure   Level
a - Beastly Appendage     Tmut           16%          9%          1
b - Spider Form           Tmut/Pois      2%           38%         3

Your spell library contained the following spells:

 Spells                   Type           Power        Failure   Level
 Wereblood                Tmut           8%           13%         2
 Ice Form                 Ice/Tmut       7%           80%         4
 Blade Hands              Tmut           4%           93%         5


Dungeon Overview and Level Annotations

Branches:
Dungeon (3/15)

Altars:

Annotations:
D:3 Robin


Innate Abilities, Weirdness & Mutations

You cannot wear most types of armour.
You are very stealthy in the water. (Stealth+)
You are amphibious.
You can wear up to eight rings at the same time.
You can use your tentacles to constrict eight enemies at once.
Your skin changes colour to match your surroundings (Stealth+).
Your rubbery body absorbs attacks. (AC +1, EV +1)
One of your tentacles bears a large vicious spike.


Message History

You kill the goblin!
The goblin closely misses you. Robin throws the goblin at you!
* * * LOW HITPOINT WARNING * * *
You closely miss the goblin. Your grab misses the goblin.
Your transformation is almost over.
The goblin hits you with a +0 dagger.
* * * LOW HITPOINT WARNING * * *
The goblin barely misses you.
Robin roars a battlecry!
The hobgoblin goes into a battle-frenzy!
You closely miss the goblin. You grab the goblin.
Your squeeze misses the goblin. You constrict the goblin.
The goblin barely misses you. The goblin hits you but does no damage.
You tentacle-slap the goblin.
You kill the goblin!
Robin throws the goblin at you! The goblin barely misses you.
You barely miss the goblin. You grab the goblin. You constrict the goblin.
A kobold comes into view. It is wielding a +0 flail.
The goblin closely misses you. The goblin hits you with a +0 dagger!
You die...

### .. #.###
.... ..###..
#####g......
#.g@gg......
#.###g....).
.. ...#.K.
## ...# .
..... ......
...o...
#.##.##


You could see Robin, a hobgoblin (strong), 3 goblins and a kobold.

Vanquished Creatures
  A howler monkey skeleton (D:2)
  4 adders (D:2)
  2 worms (D:2)
  2 dart slugs (D:1)
  A leopard gecko (D:1)
  3 orcs (D:3)
  A ball python (D:2)
  3 bats
  3 giant cockroaches
  12 goblins
  7 hobgoblins
  2 jackals (D:1)
  4 kobolds
  3 frilled lizards
  2 rats
50 creatures vanquished.

Notes
Turn   | Place    | Note
-------+----------+-------------------------------------------
     0 | D:1      | H0rd4k the Octopode Transmuter began the quest for the Orb.
     0 | D:1      | Reached XP level 1. HP: 13/13 MP: 3/3
   217 | D:1      | Reached XP level 2. HP: 14/18 MP: 5/5
   928 | D:1      | Reached XP level 3. HP: 23/23 MP: 6/6
  1198 | D:2      | Reached skill level 4 in Unarmed Combat
  1245 | D:2      | Found a faded altar of an unknown god.
  1342 | D:2      | Reached skill level 1 in Stealth
  1342 | D:2      | Reached XP level 4. HP: 28/28 MP: 7/7
  1810 | D:2      | Learned a level 3 spell: Spider Form
  1836 | D:3      | Noticed Robin
  1849 | D:3      | Slain by a goblin

Illustrated notes

Levels and vault maps discovered:
D:1:      wander_arrival_abandoned_jail, layout_loops_ring,
          chequers_serial_rivers_room_b
D:2:      layout_basic, chequers_ecumenical_altar_simple_redux
D:3:      minmay_skewed_foursquare, layout_loops_ring, uniq_ijyb, uniq_robin

Skill      XL: |  1  2  3 |
---------------+----------+-----
Unarmed Combat | 4 |  4.6
Stealth        | 1 |  1.2
Fighting       | |  1.1
Dodging        | |  2.8
Spellcasting   | |  2.1
Transmutations | |  2.3

Action                   |  1- 3 |  4- 6 || total
-------------------------+-------+-------++-------
Melee: Unarmed           |    63 |    47 ||   110
       Constrict         |    17 |    13 ||    30
       Tentacles         |     9 |     7 ||    16
       Punch             |     2 |       ||     2
       Kick              |       |     3 ||     3
 Cast: Beastly Appendage |       |     4 ||     4
 Stab: Sleeping          |     5 |     4 ||     9
Armor: Skin              |     1 |     5 ||     6
Dodge: Dodged            |    28 |    18 ||    46
